 Dungeon Crawl Stone Soup version 0.27-a0-385-g3208abaabc (webtiles) character file.

Game seed: 12833392918780239880

91 lunkers the Digger (level 4, -18/34 HPs)
             Began as a Demigod Earth Elementalist on Feb 18, 2021.
             Blown up by Ijyb (27 damage)
             ... with a mindburst bolt
             ... on level 3 of the Dungeon.
             The game lasted 00:04:08 (2280 turns).

lunkers the Digger (Demigod Earth Elementalist)     Turns: 2280, Time: 00:04:09

Health: -18/34     AC:  3    Str:  9    XL:     4   Next: 12%
Magic:  1/10       EV: 11    Int: 21    God:
Gold:   147        SH:  4    Dex: 14    Spells: 1/7 levels left

rFire    + . .     SeeInvis .   (no weapon)
rCold    . . .     Faith    .   s - +0 buckler
rNeg     . . .     Spirit   .   c - +0 robe
rPois    .         Reflect  .   (no helmet)
rElec    .         Harm     .   (no cloak)
rCorr    .         Rampage  .   a - +0 pair of gloves
Will     .....                  (no boots)
Stlth    ++........             n - amulet of regeneration
HPRegen  1.11/turn              p - ring of protection from fire
MPRegen  0.12/turn              e - ring of wizardry

@: no status effects
A: high mp 1
a: no special abilities


You were on level 3 of the Dungeon.
You visited 1 branch of the dungeon, and saw 3 of its levels.

You collected 147 gold pieces.

Inventory:

Armour
 a - a +0 pair of gloves (worn)
 c - a +0 robe (worn)
 s - a +0 buckler (worn)
Jewellery
 e - a ring of wizardry (right hand)
 n - an amulet of regeneration (around neck)
 o - a ring of protection from cold
 p - a ring of protection from fire (left hand)
 t - a +6 ring of strength {unknown}
Scrolls
 d - 2 scrolls of fear {unknown}
 f - 5 scrolls of identify {unknown}
 g - a scroll of amnesia {unknown}
 l - a scroll of blinking {unknown}
 u - a scroll of enchant weapon {unknown}
Potions
 h - a potion of brilliance {unknown}
 i - a potion of attraction {unknown}
 j - 2 potions of curing {unknown}
 k - a potion of heal wounds {unknown}
 m - a potion of magic {unknown}
 q - a potion of berserk rage {unknown}
 r - a potion of haste {unknown}
 v - a potion of ambrosia {unknown}
 w - a potion of lignification {unknown}
 x - a potion of cancellation {unknown}


   Skills:
 + Level 0.8 Fighting
 - Level 1.7 Dodging
 - Level 1.7 Stealth
 + Level 0.7 Shields
 + Level 2.4 Spellcasting
 - Level 0.8 Transmutations
 * Level 3.9 Earth Magic


You had one spell level left.
You knew the following spells:

 Your Spells              Type           Power        Failure   Level
a - Sandblast             Erth           38%          1%          1
b - Passwall              Tmut/Erth      10%          4%          2
c - Stone Arrow           Conj/Erth      20%          12%         3

Your spell library contained the following spells:

 Spells                   Type           Power        Failure   Level
 Petrify                  Tmut/Erth      12%          30%         4
 Lee's Rapid Deconstruct  Erth           9%           41%         5


Dungeon Overview and Level Annotations

Branches:
Dungeon (3/15)

Annotations:
D:3 Ijyb


Innate Abilities, Weirdness & Mutations

You have an increased reservoir of magic. (+10% MP)


Message History

Unknown command.
Casting: Sandblast (safe; 1% risk of failure)
Confirm with . or Enter, or press ? or * to list all spells.
Aiming: Sandblast (safe; 1% risk of failure)
Press: ? - help, Shift-Dir - straight line, f/p - Ijyb
Aim: Ijyb, wielding a +0 dagger, wearing a +4 ring mail of poison resistance and carrying a wand of mindburst (3) (heavily wounded, 23% to evade)
The blast of sand hits Ijyb!
Ijyb is severely wounded.
The orc shouts!
* * * LOW MAGIC WARNING * * *
Ijyb hits you with a +0 dagger.
* * * LOW HITPOINT WARNING * * *
The rat misses you.
Casting: Sandblast (safe; 1% risk of failure)
Confirm with . or Enter, or press ? or * to list all spells.
Aiming: Sandblast (safe; 1% risk of failure)
Press: ? - help, Shift-Dir - straight line, f/p - Ijyb
Aim: Ijyb, wielding a +0 dagger, wearing a +4 ring mail of poison resistance and carrying a wand of mindburst (3) (severely wounded, 23% to evade)
The blast of sand hits Ijyb but does no damage.
Ijyb is severely wounded.
* * * LOW MAGIC WARNING * * *
Ijyb hits you but does no damage. The rat bites you.
* * * LOW HITPOINT WARNING * * *
Unknown command.
Casting: Sandblast (safe; 1% risk of failure)
Confirm with . or Enter, or press ? or * to list all spells.
Aiming: Sandblast (safe; 1% risk of failure)
Press: ? - help, Shift-Dir - straight line, f/p - Ijyb
Aim: Ijyb, wielding a +0 dagger, wearing a +4 ring mail of poison resistance and carrying a wand of mindburst (3) (severely wounded, 23% to evade)
The blast of sand hits Ijyb but does no damage.
Ijyb is severely wounded.
You now have no stones remaining.
* * * LOW MAGIC WARNING * * *
You block Ijyb's attack. The rat bites you.
* * * LOW HITPOINT WARNING * * *
Unknown command.
Unknown command.
Ijyb zaps a wand.
Your mind is blasted!
Ouch! That really hurt!
You die...

###...##
###......#
##........#
##.....###.#
##....### #.#
##...### #.#
#...## #.####
...##
#....### .)##
####.@.# .##
###.# ## #rg#
##o.. ## ##
...# .#
####.## ...#
.####.....
.###
.#.....#.# ##
......##.####
###


You could see Ijyb, an orc and a rat.

Vanquished Creatures
  An orc priest (D:3)
  An adder (D:2)
  A dart slug (D:1)
  2 leopard geckos (D:1)
  6 orcs
  3 giant cockroaches
  4 goblins
  5 hobgoblins
  4 jackals (D:3)
  2 ball pythons
  4 bats
  A frilled lizard (D:2)
  4 kobolds
  A rat (D:1)
39 creatures vanquished.

Notes
Turn   | Place    | Note
-------+----------+-------------------------------------------
     0 | D:1      | lunkers the Demigod Earth Elementalist began the quest for
                  | the Orb.
     0 | D:1      | Reached XP level 1. HP: 14/14 MP: 5/5
   117 | D:1      | Found an iron altar of Okawaru.
   352 | D:1      | Reached skill level 3 in Earth Magic
   459 | D:1      | Reached XP level 2. HP: 20/20 MP: 0/7
  1221 | D:2      | Learned a level 2 spell: Passwall
  1282 | D:2      | Reached XP level 3. HP: 26/26 MP: 5/9
  1286 | D:2      | Learned a level 3 spell: Stone Arrow
  1965 | D:3      | Reached XP level 4. HP: 22/34 MP: 0/10
  2212 | D:3      | Found a basalt altar of Yredelemnul.
  2266 | D:3      | Noticed Ijyb
  2280 | D:3      | Blown up by Ijyb

Illustrated notes

Levels and vault maps discovered:
D:1:      matt_arrival_spirals, layout_basic, okawaru_ov_weapons_minmay
D:2:      layout_loops_ring
D:3:      layout_rooms, yredelemnul_altar_generic, serial_curves,
          eino_curves_04, eino_curves_01, uniq_ijyb

Skill      XL: |  1 |
---------------+----+-----
Earth Magic    | 3 |  3.9
Spellcasting   | 2 |  2.4
Fighting       | |  0.8
Dodging        | |  1.7
Stealth        | |  1.7
Shields        | |  0.7
Transmutations | |  0.8

Action                   |  1- 3 |  4- 6 || total
-------------------------+-------+-------++-------
Melee: Unarmed           |     1 |       ||     1
 Cast: Sandblast         |    56 |    19 ||    75
Armor: Robe              |     4 |     3 ||     7
Dodge: Dodged            |    14 |     2 ||    16
Block: Buckler           |     1 |     3 ||     4

Table legend: (Time is in decaauts)
 A = Elapsed time spent in this place.
 B = Non-inter-level travel time spent in this place.
 C = Inter-level travel time spent in this place.
 D = Time resting spent in this place.
 E = Time spent auto-exploring this place.
 F = Levels seen in this place.
 G = Mean time per level.
                   A        B        C        D        E       F      G
               +--------+--------+--------+--------+--------+-----+--------+
         Total |   2277 |   2162 |    115 |     82 |   1807 |   3 |  759.0 |
       Dungeon |   2277 |   2162 |    115 |     82 |   1807 |   3 |  759.0 |
               +--------+--------+--------+--------+--------+-----+--------+

Top non-repeatable levels by time:
     D:2: 992 daAuts
     D:1: 947 daAuts
     D:3: 337 daAuts
